 Dungeon Crawl Stone Soup version 0.16-a0-4044-gd6c5e7b (console) character file.

12943 mudo the Carver (level 11, -1/81 HPs)
             Began as a Mummy Chaos Knight on Feb 18, 2015.
             Slain by a warg (9 damage)
             ... on level 3 of the Orcish Mines on Feb 19, 2015.
             The game lasted 01:15:55 (25780 turns).

mudo the Carver (Mummy Chaos Knight)               Turns: 25780, Time: 01:15:55

Health: -1/81      AC: 17    Str: 22    XL:     11   Next: 69%
Magic:  18/18      EV:  2    Int: 11    God:    Xom [...*..]
Gold:   892        SH: 14    Dex: 11    Spells: 0 memorised, 10 levels left

rFire  . . .     SeeInvis .     a - +4 long sword (freeze)
rCold  + . .     Clarity  .     E - +1 plate armour {rF+}
rNeg   + + +     SustAb   +     z - +0 large shield
rPois  ∞         Gourm    .     (no helmet)
rElec  .         Spirit   .     l - +0 cloak
rCorr  .         Warding  .     n - +1 pair of gloves
rMut   .         Stasis   .     m - +0 pair of boots
MR     +....                    (no amulet)
Stlth  ..........               r - ring of sustain abilities
                                B - +4 ring of strength {god gift}

@: somewhat resistant to hostile enchantments, extremely unstealthy
A: no food or potions, fire vulnerability, restore body, cold resistance 1,
negative energy resistance 3, poison resistance, torment resistance, unbreathing
a: Renounce Religion


You were on level 3 of the Orcish Mines.
You worshipped Xom.
You were a favourite toy of Xom.
You were not hungry.

You visited 2 branches of the dungeon, and saw 14 of its levels.
You also visited: Ossuary and Bailey.

You collected 2127 gold pieces.
You spent 1235 gold pieces at shops.


   Skills:
 - Level 6.2 Fighting
 - Level 13.3 Long Blades
 - Level 3.6 Armour
 - Level 0.7 Dodging
 - Level 3.8 Shields
 + Level 4.7 Evocations


You had 10 spell levels left.
You didn't know any spells.

Dungeon Overview and Level Annotations

Branches:
Dungeon (11/15)            Temple (0/1) D:7             Orc (3/4) D:9
   Lair: D:8-11         Elf: Orc:3-4

Altars:
Cheibriados
Dithmenos
Makhleb
Nemelex Xobeh
Qazlal
Vehumet
Xom
Yredelemnul
The Shining One

Shops:
D:5 }


Innate Abilities, Weirdness & Mutations

You do not eat or drink.
Your flesh is vulnerable to fire.
Your flesh is cold resistant.
You are immune to negative energy.
Your system is resistant to poisons.
You are immune to unholy pain and torment.
You can survive without breathing.

Inventory:

Hand weapons
 a - a +4 long sword of freezing (weapon)
 f - a +0 falchion of chaos
Missiles
 e - 26 poisoned needles
 y - 4 curare-tipped needles {!f}
Armour
 l - a +0 cloak (worn)
 m - a +0 pair of boots (worn)
 n - a +1 pair of gloves (worn)
 z - a +0 large shield (worn)
 E - a +1 plate armour of fire resistance (worn)
Rods
 b - a +1 rod of the swarm (4/15)
   (You bought it in a shop on level 5 of the Dungeon)
Jewellery
 r - a ring of sustain abilities (right hand)
 s - an uncursed ring of sustain abilities
 t - an uncursed ring of protection from cold
 A - an uncursed ring of wizardry
 B - a +4 ring of strength (left hand) {god gift}
 C - an uncursed ring of flight
Magical devices
 g - a wand of lightning (2)
 i - a wand of enslavement (0) {god gift}
 p - a wand of draining (0)
 D - a wand of random effects (27)
Scrolls
 c - 9 scrolls of identify
 d - a scroll of remove curse
 h - a scroll of immolation
 k - 3 scrolls of amnesia
 u - a scroll of enchant armour
Books
 j - a book of Geomancy

   Spells                             Type                      Level
   a - Sandblast                      Earth                        1
   b - Stoneskin                      Transmutation/Earth          2
   c - Passwall                       Transmutation/Earth          3
   d - Stone Arrow                    Conjuration/Earth            3
   e - Petrify                        Transmutation/Earth          4
   f - Lee's Rapid Deconstruction     Earth                        5
 x - a book of Minor Magic

   Spells                             Type                      Level
   a - Magic Dart                     Conjuration                  1
   b - Blink                          Translocation                2
   c - Call Imp                       Summoning                    2
   d - Repel Missiles                 Charms/Air                   2
   e - Slow                           Hexes                        2
   f - Conjure Flame                  Conjuration/Fire             3
   g - Mephitic Cloud                 Conjuration/Poison/Air       3


Message History

You hit the killer bee. You freeze the killer bee.
The killer bee is almost dead.
The killer bee stings you but does no damage. x2
You miss the killer bee.
The killer bee is almost dead.
You block the killer bee's attack. Something hits you but does no damage.
The orc hits you with a falchion.
* * * LOW HITPOINT WARNING * * *
You hit the killer bee. You freeze the killer bee.
You kill the killer bee!
Something hits you but does no damage. You block the warg's attack.
You slash the warg! You freeze the warg.
The warg is severely wounded.
You hear some strange, mumbled words.
The warg bites you but does no damage. The puff of flame hits you!
You block the orc's attack.
Your shield and plate armour prevent you from hitting the warg.
The warg is severely wounded.
The warg bites you!
You die...

#.............# #........#
#......).....## #........#
##...........# ##..{{{..#
#............# ##..{{{.###
##...........# #..{{k~o..#
##...........# ##..{{{{...##
#............# #...)o.o.ko..
#............# ##....#{k.#o..
#..........oM###...k.##k#####
#...........C##..oo###### #
##.........oo##kk.## #
#.............#kk#####
#.............#..##..##
##...........%).......##
#......................#
#.....................##
##.#..........#...#..##


You could see a warg and 3 orcs.

Action                   |  1- 3 |  4- 6 |  7- 9 | 10-12 || total
-------------------------+-------+-------+-------+-------++-------
Melee: Falchion          |   176 |   319 |   337 |       ||   832
       Long sword        |       |       |   183 |  1023 ||  1206
Evoke: Wand              |       |       |     2 |    13 ||    15
       Rod               |       |       |       |     8 ||     8
  Use: Scroll            |       |     5 |     5 |     7 ||    17
 Stab: Invisible         |     3 |       |     1 |     1 ||     5
       Paralysed         |     3 |     1 |     4 |       ||     8
       Confused          |     2 |       |     2 |     7 ||    11
       Distracted        |       |       |       |     1 ||     1

Vault maps used:
D:1:      arrival_aquarium_a, minmay_newt_pond
D:2:      first_bread, st_stairs_8
D:3:      gammafunk_temple_overflow_claw, minmay_liquid_box, fedhas_altar_1
D:4:      uniq_edmund, uniq_iyjb, uniq_sigmund
D:5:      gup_ossuary_entry_pyramid, serial_shops, shop,
          corexii_item_surrounded_by_moat, hangedman_decor_lopped
D:6:      due_unseen_surprise
D:7:      minmay_temple_entry_large_hall
D:8:      basic_altar, grunt_pizzeria
D:9:      hangedman_cross_veins, kennysheep_mini, grunt_qazlal_clouds,
          lemuel_crystal_altar, kennysheep_little_box, erik_orc_1
D:10:     enter_bailey_2, cheibriados_altar_1
D:11:     lair_0_dummy
Orc:2:    minmay_orc_keep
Orc:3:    special_room, nicolae_orc_pool_cavern, uniq_nessos
Ossuary:  ossuary_the_hunt_dpeg
Bailey:   bailey_axe_minmay_hex_keep, bailey

Vanquished Creatures
  Nessos (Orc:3)
  A wizard (D:9)
  An orange demon (Bailey)
  A deep elf priest (D:9)
  3 trolls
  2 slime creatures (D:9)
  A basilisk (D:9)
  A deep elf mage (D:9)
  A shadow (D:9)
  2 wyverns
  A spriggan (D:8)
  A hippogriff (D:10)
  A warg (Orc:1)
  An eye of draining (D:8)
  4 ice beasts
  A water moccasin (D:10)
  A necrophage (D:8)
  A swamp drake (D:9)
  8 ogres
  24 orc warriors
  2 black bears
  2 sky beasts (D:9)
  12 centaurs
  A wasp (D:9)
  3 phantoms
  Sigmund (D:4)
  A brain worm (D:10)
  5 giant frogs
  6 killer bees (Orc:3)
  5 scorpions
  4 wights
  A jelly (D:9)
  3 goliath beetles
  20 orc priests
  6 crimson imps
  A centaur zombie (D:10)
  2 hounds (D:9)
  2 giant frog skeletons (D:7)
  18 orc wizards
  2 worker ants
  3 iguanas
  Ijyb (D:4)
  A hound zombie (D:9)
  2 hound skeletons
  A mummy (D:5)
  16 gnolls
  8 adders
  A giant mite (D:9)
  2 shadow imps
  6 worms
  An adder skeleton (D:7)
  2 giant geckos
  160 orcs
  A bat skeleton (D:4)
  4 giant cockroaches
  32 hobgoblins
  5 jackals
  2 quokkas
  A ball python (D:4)
  16 bats
  15 giant newts
  27 goblins
  17 kobolds
  A quokka zombie (D:5)
  9 rats
  4 ballistomycetes
492 creatures vanquished.

Vanquished Creatures (collateral kills)
  The ghost of Fusha the Ducker, an experienced HuMo (D:6)
  An orc knight (Bailey)
  A hippogriff (D:10)
  An orc warrior (D:9)
  A giant frog (D:6)
  A wyvern zombie (D:6)
  2 killer bees (Orc:3)
  A crimson imp (D:7)
  4 orc wizards
  14 orcs
  A bat zombie (D:6)
  A goblin (Bailey)
  2 giant newts
  A quokka skeleton (D:9)
32 creatures vanquished.

Vanquished Creatures (others)
  2 vampire mosquitoes (Orc:3)
  A wasp (Orc:3)
  5 killer bees (Orc:3)
  3 scorpions (Orc:3)
  2 crimson imps
  3 iron imps
  3 quasits
  2 worker ants (Orc:3)
  6 shadow imps (D:11)
  2 white imps (D:11)
  2 ufetubi
  An adder zombie (D:9)
  2 orcs (D:9)
  A jackal (D:1)
  2 giant spores
  A goblin (Orc:3)
  A goblin zombie (D:1)
39 creatures vanquished.

Grand Total: 563 creatures vanquished

Table legend:
 A = Kills in this place as a percentage of kills in entire the game.
 B = Kills by you in this place as a percentage of kills by you in the entire game.
 C = Kills by friends in this place as a percentage of kills by friends in the entire game.
 D = Other kills in this place as a percentage of other kills in the entire game.
 E = Experience gained in this place as a percentage of experience gained in the entire game.
 F = Experience gained in this place divided by the number of levels of this place that you have seen.
                   A       B       C       D       E      F
               +-------+-------+-------+-------+-------+----------------------
         Total | 100.0 | 100.0 | 100.0 | 100.0 | 100.0 | 1155.7
       Dungeon |  53.2 |  52.5 |  62.5 |  66.7 |  62.6 | 1052.1
  Orcish Mines |  36.5 |  37.1 |  28.1 |  33.3 |  27.9 | 1716.7
        Bailey |  10.3 |  10.4 |   9.4 |   0.0 |   9.6 | 1768.0
               +-------+-------+-------+-------+-------+----------------------

Table legend:
 A = Turns spent in this place as a percentage of turns spent in the entire game.
 B = Non-inter-level travel turns spent in this place as a percentage of non-inter-level travel turns spent in the entire game.
 C = Inter-level travel turns spent in this place as a percentage of turns spent in this place.
 D = Turns resting spent in this place as a percentage of non-inter-level travel turns spent in this place.
 E = Turns spent auto-exploring this place as a percentage of non-inter-level travel turns spent in this place.
 F = Non-inter-level travel turns spent in this place divided by the number of levels of this place that you've seen.
                   A       B       C       D       E      F
               +-------+-------+-------+-------+-------+----------------------
         Total | 100.0 | 100.0 |   0.6 |  15.6 |   5.3 | 438.9
       Dungeon |  60.1 |  60.0 |   0.7 |   2.7 |   7.3 | 383.2
  Orcish Mines |  32.4 |  32.4 |   0.3 |  42.0 |   2.9 | 759.3
       Ossuary |   0.0 |   0.0 |   0.0 |   0.0 |   0.0 |   3.0
        Bailey |   7.4 |   7.5 |   0.0 |   4.4 |   0.0 | 526.0
               +-------+-------+-------+-------+-------+----------------------

Notes
Turn   | Place    | Note
--------------------------------------------------------------
     0 | D:1      | mudo, the Mummy Chaos Knight, began the quest for the Orb.
     0 | D:1      | Reached XP level 1. HP: 18/18 MP: 1/1
     1 | D:1      | Noticed an electric eel
    60 | D:1      | Reached XP level 2. HP: 16/24 MP: 2/2
    95 | D:1      | Reached skill level 3 in Long Blades
   212 | D:1      | XOM: potion effect (invisibility)
   329 | D:1      | XOM is BORED!
   329 | D:1      | XOM: medium Air miscast
   450 | D:1      | Reached XP level 3. HP: 15/29 MP: 3/3
   664 | D:1      | XOM: harmless Ice miscast
  1061 | D:2      | HP: 4/29 [worm (11)]
  1061 | D:2      | XOM: butterfly on damage
  1134 | D:2      | Reached skill level 4 in Long Blades
  1363 | D:2      | XOM: colour smoke trail
  1364 | D:2      | Reached XP level 4. HP: 32/35 MP: 4/4
  1897 | D:2      | XOM: summons 2 hostile demons
  1955 | D:2      | XOM: summons 2 hostile demons
  2035 | D:3      | XOM: noise
  2187 | D:3      | XOM: medium Chrm miscast
  2216 | D:3      | Found a burning altar of Makhleb.
  2216 | D:3      | Found a glowing golden altar of the Shining One.
  2216 | D:3      | Found a basalt altar of Yredelemnul.
  2261 | D:3      | XOM: fake destruction
  2267 | D:3      | Reached XP level 5. HP: 31/41 MP: 5/5
  2365 | D:3      | XOM: silly message
  2373 | D:3      | XOM: enchant monster (bad)
  2377 | D:3      | HP: 8/41 [killer bee (4)]
  2397 | D:3      | HP: 4/41 [orc wizard/magic dart (3)]
  2398 | D:3      | XOM: mild Conj miscast
  2428 | D:2      | HP: 6/41 [orc wizard/dagger (2)]
  2434 | D:2      | Reached skill level 5 in Long Blades
  2761 | D:3      | XOM: 2-stop teleportation journey
  2900 | D:3      | HP: 5/41 [orc priest/divine providence (9)]
  2925 | D:3      | HP: 5/41 [orc wizard/magic dart (4)]
  3116 | D:2      | XOM: mild Tloc miscast
  3117 | D:2      | Noticed a spatial vortex
  3391 | D:3      | gun
  3493 | D:4      | Reached XP level 6. HP: 41/47 MP: 6/6
  3560 | D:4      | Noticed Edmund
  3561 | D:4      | nothx
  3570 | D:4      | Noticed Edmund
  3570 | D:4      | Edmund changed into Edmund the worm
  3570 | D:4      | XOM: polymorph Edmund -> Edmund the worm
  3572 | D:4      | thjx
  3578 | D:4      | nothx
  3605 | D:4      | Killed Edmund the worm
  3632 | D:4      | XOM: 6-stop teleportation journey
  3633 | D:4      | Noticed Sigmund
  3764 | D:4      | Noticed Ijyb
  3769 | D:4      | Killed Ijyb
  3784 | D:4      | XOM: 4-stop teleportation journey
  3834 | D:4      | Reached skill level 6 in Long Blades
  4013 | D:4      | XOM: harmless Necr miscast
  4084 | D:4      | Killed Sigmund
  4084 | D:4      | Reached skill level 1 in Evocations
  4178 | D:4      | XOM: divination: detect creatures
  4195 | D:4      | XOM: silly message
  4324 | D:4      | XOM: noise
  4380 | D:4      | XOM: medium Tloc miscast
  4400 | D:5      | Entered Level 5 of the Dungeon
  4562 | D:5      | XOM: scenery: create altars
  4616 | D:5      | Found a sand-covered staircase.
  4625 | Ossuary  | Entered an ossuary
  4659 | D:5      | Found Seng's Gadget Shoppe.
  4739 | D:5      | XOM: harmless Pois miscast
  4784 | D:5      | XOM: potion effect (curing)
  4883 | D:5      | XOM: mild Ice miscast
  4958 | D:5      | Reached skill level 2 in Evocations
  4958 | D:5      | Reached XP level 7. HP: 19/52 MP: 7/9
  5003 | D:5      | XOM: divination: detect creatures
  5021 | D:5      | XOM: 1-stop teleportation journey
  5201 | D:5      | XOM: vitrification
  5297 | D:5      | XOM: 2-stop teleportation journey
  5324 | D:6      | XOM: swap monsters
  5326 | D:6      | XOM: potion effect (haste)
  5341 | D:6      | Reached skill level 3 in Evocations
  5448 | D:5      | XOM: harmless Hex miscast
  5552 | D:6      | XOM: polymorph soldier ant -> ice beast
  5604 | D:6      | Reached skill level 7 in Long Blades
  5669 | D:6      | XOM: divination: magic mapping
  5794 | D:6      | Noticed Fusha's ghost (experienced HuMo)
  5806 | D:6      | XOM: summons 7 friendly demons
  5846 | D:6      | god
  5866 | D:6      | Killed Fusha's ghost
  5866 | D:6      | Reached skill level 8 in Long Blades
  5866 | D:6      | Reached XP level 8. HP: 37/58 MP: 12/12
  6698 | D:7      | XOM: 1-stop teleportation journey
  6792 | D:7      | XOM: medium Fire miscast
  6902 | D:7      | XOM: 2-stop teleportation journey
  6928 | D:7      | XOM: vitrification
  6972 | D:7      | XOM: 2-stop teleportation journey
  7031 | D:7      | XOM: scenery: create altars
  7065 | D:7      | XOM: vitrification
  7080 | D:7      | Reached skill level 9 in Long Blades
  7465 | D:7      | XOM: confuse monster(s)
  7478 | D:7      | Reached XP level 9. HP: 45/63 MP: 14/14
  7518 | D:7      | Found a staircase to the Ecumenical Temple.
  7627 | D:7      | XOM: vitrification
  7793 | D:7      | XOM: summons friendly quasit
  8067 | D:7      | oop
  8115 | D:8      | Reached skill level 10 in Long Blades
  8160 | D:8      | HP: 9/63 [wight/battleaxe (7)]
  8168 | D:8      | XOM: enchant monster (good)
  8961 | D:8      | Found a shadowy altar of Dithmenos.
  9323 | D:8      | Reached skill level 11 in Long Blades
  9353 | D:9      | Found a radiant altar of Vehumet.
  9363 | D:8      | XOM: potion effect (might)
  9451 | D:9      | Found a snail-covered altar of Cheibriados.
  9694 | D:9      | XOM: blink monster(s)
  9697 | D:9      | XOM: divination: detect creatures
  9728 | D:9      | XOM: potion effect (invisibility)
  9746 | D:9      | Reached XP level 10. HP: 61/70 MP: 15/15
  9779 | D:9      | Reached skill level 1 in Shields
  9996 | D:9      | Noticed a wizard
 10003 | D:9      | XOM: confuse monster(s)
 10007 | D:9      | XOM: confuse monster(s)
 10020 | D:9      | Killed a wizard
 10020 | D:9      | Reached skill level 12 in Long Blades
 10020 | D:9      | Reached skill level 2 in Shields
 10036 | D:9      | XOM: divination: detect creatures
 10038 | D:9      | Found a staircase to the Orcish Mines.
 10038 | D:9      | XOM: 9-stop teleportation journey
 10041 | D:9      | XOM: summons friendly quasit
 10058 | D:9      | Reached skill level 3 in Shields
 10147 | D:9      | Found a stormy altar of Qazlal.
 10147 | D:9      | XOM: 4-stop teleportation journey
 10153 | D:9      | XOM: harmless Trmt miscast
 10309 | D:9      | XOM: god gift: 28 gold pieces
 10360 | D:9      | XOM: noise
 10678 | D:9      | XOM: 1-stop teleportation journey
 10747 | D:9      | Found a sparkling altar of Nemelex Xobeh.
 10836 | D:9      | XOM: confuse monster(s)
 10874 | D:9      | XOM: summons friendly ufetubus
 10887 | D:9      | XOM: confusion
 11241 | Orc:1    | Entered Level 1 of the Orcish Mines
 11279 | D:10     | Entered Level 10 of the Dungeon
 11281 | D:10     | XOM: confusion (+ monsters)
 11312 | D:10     | Found a flagged portal.
 11316 | D:10     | Found a snail-covered altar of Cheibriados.
 11321 | Bailey   | Entered a bailey
 11366 | Bailey   | XOM: medium Summ miscast
 11384 | Bailey   | Reached skill level 4 in Fighting
 11515 | Bailey   | XOM: silly message
 11638 | Bailey   | XOM: blink monster(s)
 11700 | Bailey   | XOM: god gift: plate armour {god gift}
 11960 | Bailey   | XOM: destruction
 12101 | Bailey   | XOM: god gift: opal ring {god gift}
 12146 | Bailey   | XOM: summons 2 friendly demons
 12161 | Bailey   | XOM: noise
 12168 | Bailey   | XOM: butterfly on damage
 12298 | Bailey   | Noticed an orc knight
 12299 | Bailey   | XOM: enchant monster (good)
 12303 | Bailey   | Noticed an orc knight
 12318 | Bailey   | Noticed an orc knight
 12318 | Bailey   | man
 12325 | Bailey   | XOM: enchant monster (good)
 12328 | Bailey   | XOM: confuse monster(s)
 12329 | Bailey   | XOM: cast spell 'Monstrous Menagerie'
 12331 | Bailey   | Noticed an orc knight
 12335 | Bailey   | Killed an orc knight
 12335 | Bailey   | Reached skill level 5 in Fighting
 12335 | Bailey   | Reached XP level 11. HP: 77/79 MP: 17/17
 12724 | D:10     | XOM: summons friendly iron imp
 13173 | D:11     | XOM: confuse monster(s)
 13214 | D:11     | XOM: summons 11 friendly demons
 13237 | D:11     | XOM: summons friendly shadow imp
 13369 | D:11     | Noticed a hill giant
 13416 | D:11     | Reached skill level 6 in Fighting
 13704 | Orc:2    | Reached skill level 13 in Long Blades
 13908 | Orc:1    | XOM: chaos cloud
 13919 | Orc:1    | Reached skill level 2 in Armour
 14038 | Orc:1    | XOM: noise
 14174 | Orc:1    | XOM: summons 11 friendly demons
 14287 | Orc:1    | XOM: summons 2 hostile shadow creatures
 14419 | Orc:3    | Noticed Nessos
 14429 | Orc:3    | XOM: summons 2 hostile demons
 14430 | Orc:3    | Noticed a sun demon
 14431 | Orc:3    | HP: 11/81 [Nessos/poisoned arrow (11)]
 14461 | Orc:3    | HP: 14/81 [orc/flail (2)]
 14832 | Orc:2    | XOM: noise
 14978 | Orc:2    | XOM: medium Pois miscast
 15221 | Orc:2    | Reached skill level 3 in Armour
 15335 | Orc:2    | XOM: 1-stop teleportation journey
 15511 | Orc:1    | XOM: god gift: 540 gold pieces
 15622 | Orc:2    | XOM: god gift: silver wand {god gift}
 15664 | Orc:2    | XOM: noise
 16068 | Orc:1    | XOM: harmless Trmt miscast
 16546 | Orc:1    | XOM: summons 5 hostile demons
 16861 | Orc:1    | XOM: mild Ice miscast
 16976 | Orc:1    | XOM: colour smoke trail
 17625 | Orc:1    | XOM: silly message
 17715 | Orc:1    | XOM: colour smoke trail
 17880 | Orc:1    | XOM: medium Tloc miscast
 18427 | Orc:1    | XOM: summons 4 hostile shadow creatures
 18568 | Orc:1    | XOM: mild Chrm miscast
 18595 | Orc:1    | XOM: silly message
 18694 | Orc:1    | XOM: mild Necr miscast
 19103 | Orc:1    | XOM: harmless Tloc miscast
 20130 | Orc:1    | XOM: silly message
 20149 | Orc:1    | XOM: colour smoke trail
 20536 | Orc:1    | XOM: mild Necr miscast
 21185 | Orc:1    | XOM: harmless Fire miscast
 21738 | Orc:1    | XOM: medium Divn miscast
 21911 | Orc:1    | XOM: colour smoke trail
 22101 | Orc:1    | XOM is BORED!
 22101 | Orc:1    | XOM: noise
 22500 | Orc:1    | XOM: scenery: create altars
 23512 | Orc:1    | XOM is BORED!
 23512 | Orc:1    | XOM: medium Conj miscast
 23546 | Orc:1    | XOM: silly message
 25032 | D:5      | Bought a +0 rod of the swarm (14/14) for 1235 gold pieces
 25048 | D:5      | Upgraded the game from 0.16-a0-4024-g0ecf4ac to 0.16-a0-4044-gd6c5e7b
 25097 | D:8      | XOM: god gift: dagger {god gift}
 25398 | Orc:3    | XOM: divine lightning (protected)
 25404 | Orc:3    | Killed Nessos
 25439 | Orc:3    | Reached skill level 4 in Evocations
 25608 | Orc:3    | XOM is BORED!
 25608 | Orc:3    | XOM: medium Ice miscast
 25655 | Orc:3    | XOM: potion effect (might)
 25731 | Orc:3    | XOM: polymorph killer bee -> river rat
 25741 | Orc:3    | XOM: enchant monster (good)
 25756 | Orc:3    | XOM: summons friendly quasit
 25771 | Orc:3    | HP: 16/81 [killer bee (7)]
 25773 | Orc:3    | HP: 7/81 [warg (9)]
 25780 | Orc:3    | Slain by a warg
